 Dungeon Crawl Stone Soup version 0.24-a0-235-g3f03afc (webtiles) character file.

Game seed: 15237636464421492741

77 Hylith the Shield-Bearer (level 4, 0/37 HPs)
             Began as a Formicid Fighter on Apr 7, 2019.
             Killed from afar by Sigmund (1 damage)
             ... with a magic dart
             ... on level 3 of the Dungeon.
             The game lasted 00:02:56 (1606 turns).

Hylith the Shield-Bearer (Formicid Fighter)         Turns: 1606, Time: 00:02:57

Health: 0/37       AC:  7    Str: 21    XL:     4   Next: 58%
Magic:  4/4        EV:  8    Int:  8    God:
Gold:   107        SH:  9    Dex: 10    Spells: 3/3 levels left

rFire    . . .     SeeInvis +   a - +0 war axe
rCold    + . .     Gourm    .   c - +0 shield
rNeg     . . .     Faith    .   b - +0 scale mail
rPois    .         Spirit   .   (helmet unavailable)
rElec    .         Reflect  .   (no cloak)
rCorr    .         Harm     .   (no gloves)
MR       +....                  (no boots)
Stlth    ..........             (no amulet)
HPRegen  0.12/turn              e - ring of protection from cold
MPRegen  0.09/turn              k - ring of protection from magic

@: no status effects
A: permanent stasis, dig shafts and tunnels, four strong arms, antennae 3
a: Dig, Shaft Self


You were on level 3 of the Dungeon.
You were hungry.

You visited 1 branch of the dungeon, and saw 3 of its levels.

You collected 107 gold pieces.

Inventory:

Hand Weapons
 a - a +0 war axe (weapon)
Armour
 b - a +0 scale mail (worn)
 c - a +0 shield (worn)
 j - a +1 ring mail of fire resistance
Jewellery
 e - a ring of protection from cold (left hand)
 k - a ring of protection from magic (right hand)
Scrolls
 g - a scroll of immolation {unknown}
 h - 2 scrolls of magic mapping {unknown}
 l - 3 scrolls of teleportation {unknown}
 m - 3 scrolls of identify {unknown}
 o - a scroll of enchant armour {unknown}
 q - a scroll of remove curse {unknown}
 r - a scroll of fear {unknown}
Potions
 d - 2 potions of might
 i - a potion of heal wounds {unknown}
 n - 2 potions of resistance {unknown}
 p - a potion of curing {unknown}
 s - a potion of brilliance {unknown}
Comestibles
 f - 6 rations


   Skills:
 * Level 3.8 Fighting
 * Level 3.1 Axes
 * Level 3.7 Armour
 * Level 4.3 Shields


You had 3 spell levels left.
You didn't know any spells.
Your spell library was empty.

Dungeon Overview and Level Annotations

Branches:
Dungeon (3/15)

Altars:
Nemelex Xobeh
Yredelemnul

Annotations:
D:3 Sigmund


Innate Abilities, Weirdness & Mutations

You cannot be hasted, slowed, berserked, paralysed or teleported.
You can dig through walls and to a lower floor.
Your four strong arms can wield two-handed weapons with a shield.
You have a pair of large antennae on your head. (SInv)


Message History

You see here a jackal corpse.
Sigmund casts a spell.
Sigmund flickers and vanishes for a moment.
Sigmund hits you from afar with a +1 scythe of slicing!
Sigmund barely misses you.
Your shield and scale mail prevent you from hitting Sigmund.
Sigmund hits you with a +1 scythe of slicing.
You slash Sigmund!
Sigmund is moderately wounded.
Sigmund hits you with a +1 scythe of slicing!
* * * LOW HITPOINT WARNING * * *
x2 You slash Sigmund!
Sigmund is severely wounded.
Sigmund flickers, as though insubstantial.
Sigmund completely misses you.
You closely miss Sigmund.
Sigmund is severely wounded.
Sigmund gestures at you while chanting. The magic dart hits you.
You die...

# .# ###########.#
#...........#
#...........##
########............##
###......'..............
.........#.†.†..@@.)#
########.#†.........#
#......#....!.....#
########..........#
#............ ###
#...........## ..#
###############.# #.#
#...# .. #.####.#.# #


You could see Sigmund (invisible).

Vanquished Creatures
  3 oozes
  A worm (D:2)
  2 dart slugs
  3 leopard geckos
  4 orcs (D:2)
  2 giant cockroaches
  3 goblins
  5 hobgoblins
  5 jackals
  A ball python (D:3)
  5 bats
  4 frilled lizards
  6 kobolds
  3 rats
47 creatures vanquished.

Notes
Turn   | Place    | Note
-------+----------+-------------------------------------------
     0 | D:1      | Hylith the Formicid Fighter began the quest for the Orb.
     0 | D:1      | Reached XP level 1. HP: 18/18 MP: 1/1
   143 | D:1      | Reached XP level 2. HP: 24/24 MP: 2/2
   238 | D:1      | Reached skill level 4 in Shields
   286 | D:1      | Reached XP level 3. HP: 28/29 MP: 3/3
   388 | D:1      | Found a sparkling altar of Nemelex Xobeh.
   822 | D:2      | Reached XP level 4. HP: 32/37 MP: 4/4
  1550 | D:3      | Found a basalt altar of Yredelemnul.
  1596 | D:3      | Noticed Sigmund
  1604 | D:3      | HP: 1/37 [Sigmund/+1 scythe of slicing (1)]
  1606 | D:3      | Killed from afar by Sigmund

Levels and vault maps discovered:
D:1:      dpeg_arrival_tiny_h, layout_basic, nemelex_diamond_rough_becter
D:2:      minmay_general_purpose_star, layout_loops_ring
D:3:      minmay_angry_zag, layout_basic, nicolae_overflow_crystal_walls,
          minmay_starry_boxes, uniq_jessica, uniq_sigmund

Skill      XL: |  1  2  3  4 |
---------------+-------------+-----
Shields        | 4 |  4.3
Axes           | 3 |  3.1
Fighting       | |  3.8
Armour         | |  3.7

Action                   |  1- 3 |  4- 6 || total
-------------------------+-------+-------++-------
Melee: War axe           |    84 |    69 ||   153
  Eat: Chunk             |       |     2 ||     2
Armor: Scale mail        |    43 |    37 ||    80
Dodge: Dodged            |    31 |    30 ||    61
Block: Shield            |    55 |    47 ||   102

Table legend:
 A = Non-vault XP
 B = Vault XP
 C = Vault XP percentage of total XP
 D = Non-vault monster count
 E = Vault monster count
 F = Vault count percentage of total count
                 A         B        C        D         E       F
            +---------+---------+-------+---------+---------+-------
      Total |     104 |       6 |   5.5 |      44 |       3 |   6.4
            +---------+---------+-------+---------+---------+-------
        D:1 |      40 |       0 |   0.0 |      17 |       0 |   0.0
        D:2 |      52 |       6 |  10.3 |      20 |       3 |  13.0
        D:3 |      12 |       0 |   0.0 |       7 |       0 |   0.0
            +---------+---------+-------+---------+---------+-------
